 Dungeon Crawl Stone Soup version 0.30.1-11-g7821555f0a (webtiles) character file.

Game seed: 15560074504171387727

9 Anandil the Trooper (level 2, 20/24 HPs)
             Began as a Demonspawn Fighter on Nov 1, 2023.
             Quit the game on level 1 of the Dungeon.
             The game lasted 00:00:34 (433 turns).

Anandil the Trooper (Demonspawn Fighter)             Turns: 433, Time: 00:00:34

Health: 20/24      AC:  7    Str: 16    XL:     2   Next: 3%
Magic:  2/2        EV:  8    Int:  9    God:
Gold:   53         SH:  4    Dex: 12    Spells: 1/1 levels left

rFire   . . .        a - +0 long sword
rCold   . . .        c - +0 buckler
rNeg    . . .        b - +0 scale mail
rPois   .            (no helmet)
rElec   .            (no cloak)
rCorr   .            (no gloves)
SInv    .            e - +0 pair of boots
Will    .....        (no amulet) Stlth
                     (no ring)
HPRegen 0.24/turn    (no ring)
MPRegen 0.08/turn

%: no passive effects
@: no status effects
A: demonic touch 1
a: no special abilities


You were on level 1 of the Dungeon.
You visited 1 branch of the dungeon, and saw 1 of its levels.

You collected 53 gold pieces.

Inventory:

Hand Weapons
 a - a +0 long sword (weapon)
Armour
 b - a +0 scale mail (worn)
 c - a +0 buckler (worn)
 e - a +0 pair of boots (worn)
Scrolls
 f - 3 scrolls of noise {unknown}
 g - a scroll of enchant armour {unknown}
 h - 3 scrolls of enchant weapon {unknown}
 i - 2 scrolls of fear {unknown}
Potions
 d - a potion of might
 j - a potion of haste {unknown}


   Skills:
 + Level 3.1 Fighting
 + Level 1.9 Long Blades
 + Level 2.8 Armour
 * Level 2.9 Shields


You had one spell level left.
You didn't know any spells.
Your spell library was empty.

Dungeon Overview and Level Annotations

Branches:
Dungeon (1/15)

Altars:


Innate Abilities, Weirdness & Mutations

Your touch may inflict minor irresistible damage on your foes.


Message History

No target in view!
No target in view!
No target in view!
No target in view!
You see here a ball python corpse.
h - 3 scrolls labelled SOFODA POPYXU You open the door.
There is an open door here.
You now have 42 gold pieces (gained 8).
There is an open door here.
You open the door.
There is an open door here.
i - 2 scrolls labelled AXURIPORYE
There is an open door here.
There is an open door here.
You open the door.
There is an open door here.
j - a blue potion
Found a stone staircase leading down.
You now have 53 gold pieces (gained 11).
A hobgoblin comes into view.
The hobgoblin shouts!
A hobgoblin is nearby!
The hobgoblin barely misses you.
You hit the hobgoblin.
The hobgoblin is moderately wounded.
The hobgoblin closely misses you. The hobgoblin hits you.
You hit the hobgoblin.
You kill the hobgoblin!
A goblin comes into view. It is wielding a +0 dagger.
The goblin hits you with a +0 dagger.
You see here a hobgoblin corpse.
You barely miss the goblin. The goblin hits you but does no damage.
You slash the goblin!
You kill the goblin!
You have reached level 2!
You feel monstrous as your demonic heritage exerts itself.
Your demonic ancestry asserts itself...
Your hands begin to faintly glow with unholy energy.
Are you sure you want to abandon this character and quit the game? (Confirm with "yes".)

....#... ......
....#.####..#.# .#
............#.# .#
..###.####..#.# .#
..# #.####..#.##..#
..# #.##.......#..#
..# #.............#
..+........###.##)#
..########.# #..@.#
..# #.# ###### ..#
#.# ..# #.# ..# #.#
..# #.# ..# ..# ..#


There were no monsters in sight!

Vanquished Creatures
  A ball python (D:1)
  A giant cockroach (D:1)
  2 goblins (D:1)
  A hobgoblin (D:1)
  A quokka (D:1)
  A frilled lizard (D:1)
7 creatures vanquished.

Notes
Turn   | Place    | Note
-------+----------+-------------------------------------------
     0 | D:1      | Anandil the Demonspawn Fighter began the quest for the Orb.
     0 | D:1      | Reached XP level 1. HP: 18/18 MP: 1/1
   433 | D:1      | Discovered your monstrous ancestry.
   433 | D:1      | Gained mutation: Your touch may inflict minor irresistible
                  | damage on your foes. [demonic ancestry]
   433 | D:1      | Reached XP level 2. HP: 20/24 MP: 2/2
   433 | D:1      | Quit the game

Illustrated notes

Levels and vault maps discovered:
D:1:      ncdulo_wetmaze, layout_basic

Action                     || total
---------------------------++-------
  Melee: Long sword        ||    35
 Armour: Scale mail        ||    20
  Dodge: Dodged            ||    16
  Block: Buckler           ||     2
